 Dungeon Crawl Stone Soup version 0.21.0-3-g78d12a8bdd (webtiles) character file.

389 Principatus the Firebug (level 6, -2/45 HPs)
             Began as a Draconian Fire Elementalist on Jan 16, 2018.
             Slain by a centaur
             ... wielding a +0 short sword
              (5 damage)
             ... on level 4 of the Dungeon.
             The game lasted 00:14:41 (4146 turns).

Principatus the Firebug (DrFE)                      Turns: 4146, Time: 00:14:42

Health: -2/45      AC:  6    Str: 10    XL:     6   Next: 50%
Magic:  9/10       EV: 12    Int: 20    God:
Gold:   178        SH:  0    Dex: 11    Spells: 5/11 levels left

rFire    + . .     SeeInvis .   m - +1 dagger (venom)
rCold    x . .     Gourm    .   (no shield)
rNeg     . . .     Faith    .   (armour unavailable)
rPois    .         Spirit   .   (helmet restricted)
rElec    .         Reflect  .   (no cloak)
rCorr    .         Harm     .   (no gloves)
MR       .....                  (no boots)
Stlth    ++........             (no amulet)
HPRegen  0.15/turn              j - +2 ring of intelligence
MPRegen  0.12/turn              n - ring of fire

@: no status effects
A: unfitting armour, cold-blooded, AC +6
a: no special abilities


You were on level 4 of the Dungeon.
You were not hungry.

You visited 1 branch of the dungeon, and saw 4 of its levels.

You collected 178 gold pieces.

Inventory:

Hand Weapons
 m - a +1 dagger of venom (weapon)
Missiles
 i - 58 stones (quivered)
Jewellery
 f - a cursed ring of loudness {unknown}
 j - a +2 ring of intelligence (left hand)
 n - a ring of fire (right hand)
 p - an uncursed ring of magical power {unknown}
Scrolls
 d - a scroll of noise {unknown}
 e - 2 scrolls of identify
 h - a scroll of amnesia {unknown}
 l - a scroll of teleportation {unknown}
 q - a scroll of blinking {unknown}
 s - a scroll of magic mapping {unknown}
Potions
 c - a potion of resistance
 g - a potion of invisibility
 k - a potion of lignification {unknown}
 o - 2 potions of might {unknown}
 r - a potion of mutation {unknown}
Books
 a - a book of Flames

   Spells                             Type                      Level
   a - Flame Tongue                   Conjuration/Fire             1
   b - Throw Flame                    Conjuration/Fire             2
   c - Conjure Flame                  Conjuration/Fire             3
   d - Inner Flame                    Hexes/Fire                   3
   e - Sticky Flame                   Conjuration/Fire             4
   f - Fireball                       Conjuration/Fire             5
Comestibles
 b - 9 rations


   Skills:
 - Level 1.8 Dodging
 - Level 1.8 Stealth
 - Level 3.0 Spellcasting
 * Level 4.3 Conjurations
 * Level 5.3 Fire Magic


You had 5 spell levels left.
You knew the following spells:

 Your Spells              Type           Power        Failure   Level  Hunger
a - Flame Tongue          Conj/Fire      ####.        1%          1    None
b - Throw Flame           Conj/Fire      ####..       3%          2    ##.....
c - Conjure Flame         Conj/Fire      ####....     6%          3    ###....


Dungeon Overview and Level Annotations

Branches:
Dungeon (4/15)
 Temple: D:4-7

Altars:
Makhleb


Innate Abilities, Weirdness & Mutations

Your plain brown scales are hard. (AC +6)
You cannot fit into any form of body armour.
You are cold-blooded and may be slowed by cold attacks.


Message History

You see here an arrow.
The centaur shoots an arrow.
The arrow hits you!
You see here an arrow.
The centaur unwields an uncursed shortbow.
The centaur wields an uncursed short sword.
The centaur hits you with an uncursed short sword.
You see here an arrow.
You hit the centaur.
The centaur is poisoned.
You tail-slap the centaur.
The centaur is moderately wounded.
The centaur hits you with an uncursed short sword. x2
* * * LOW HITPOINT WARNING * * *
You hit the centaur.
The centaur is moderately wounded.
The centaur closely misses you.
You hit the centaur.
The centaur looks as sick as possible!
The centaur is heavily wounded.
The centaur hits you with an uncursed short sword!
* * * LOW HITPOINT WARNING * * *
The centaur hits you with an uncursed short sword.
You die...

.......###########...............
.......# #...######......
.....### #...# ######## ....)#
########## #....... .....# #....#
#....... .....# #....# #.......
....(# #....# #....... ...).#
#....# #....... .....#
#...@#########....###
.....########....c(.((....(...#
##...).....##.#############....#
#.................#.. ....#
#...>................ ......
#..........##.#...... ......
#..........##.#.###.# ......
#..........##.#.# # ......
#..........##'#.# ....(.


You could see a centaur.

Vanquished Creatures
  A howler monkey (D:4)
  3 orc wizards (D:4)
  Jessica (D:2)
  A worker ant (D:4)
  4 gnolls (D:4)
  7 adders
  2 oozes
  A worm (D:4)
  A dart slug (D:1)
  A leopard gecko (D:1)
  11 orcs
  11 bats
  3 giant cockroaches
  8 goblins
  12 hobgoblins
  10 jackals
  3 quokkas
  4 frilled lizards
  6 kobolds
  10 rats
100 creatures vanquished.

Notes
Turn   | Place    | Note
-------+----------+-------------------------------------------
     0 | D:1      | Principatus the Draconian Fire Elementalist began the quest for the Orb.
     0 | D:1      | Reached XP level 1. HP: 14/14 MP: 3/3
   298 | D:1      | Reached XP level 2. HP: 12/20 MP: 0/5
   350 | D:1      | Learned a level 2 spell: Throw Flame
  1105 | D:1      | Reached XP level 3. HP: 26/26 MP: 3/6
  1110 | D:1      | Learned a level 3 spell: Conjure Flame
  1588 | D:2      | Noticed Jessica
  1613 | D:2      | Killed Jessica
  1613 | D:2      | Reached skill level 4 in Fire Magic
  1613 | D:2      | Reached XP level 4. HP: 29/33 MP: 0/7
  1923 | D:2      | Found a burning altar of Makhleb.
  2515 | D:3      | Reached XP level 5. HP: 38/38 MP: 4/9
  3418 | D:4      | Reached skill level 5 in Fire Magic
  3418 | D:4      | Reached XP level 6. HP: 37/45 MP: 1/10
  4146 | D:4      | Slain by a centaur

Skill      XL: |  1  2  3  4  5  6 |
---------------+-------------------+-----
Conjurations   | 2 3 4 |  4.3
Fire Magic     | 4 5 |  5.3
Spellcasting   | 3 |  3.0
Dodging        | |  1.8
Stealth        | |  1.8

Action                   |  1- 3 |  4- 6 || total
-------------------------+-------+-------++-------
Melee: Unarmed           |    18 |       ||    18
       Tailslap          |     2 |     3 ||     5
       Short sword       |    10 |       ||    10
       Dagger            |       |    27 ||    27
Throw: Stone             |       |     2 ||     2
 Cast: Flame Tongue      |    79 |    98 ||   177
       Conjure Flame     |     1 |     1 ||     2
       Throw Flame       |       |    21 ||    21
  Use: Scroll            |     1 |     1 ||     2
  Eat: Chunk             |     3 |     9 ||    12
Armor: Skin              |    29 |    17 ||    46
Dodge: Dodged            |    97 |    33 ||   130
